 Dungeon Crawl Stone Soup version 0.28-a0-883-gc8d7bad45d (webtiles) character file.

Game seed: 186474877666768228

26 horus123 the Conjurer (level 2, -3/15 HPs)
             Began as a Deep Elf Conjurer on Nov 21, 2021.
             Slain by a gnoll (4 damage)
             ... on level 2 of the Dungeon.
             The game lasted 00:02:08 (1374 turns).

horus123 the Conjurer (Deep Elf Conjurer)           Turns: 1374, Time: 00:02:09

Health: -3/15      AC:  2    Str:  4    XL:     2   Next: 89%
Magic:  3/8        EV: 12    Int: 22    God:
Gold:   61         SH:  0    Dex: 13    Spells: 4/7 levels left

rFire   . . .      SeeInvis .   b - +3 dagger
rCold   . . .      Faith    .   (no shield)
rNeg    + . .      Spirit   .   a - +0 robe
rPois   .          Reflect  .   (no helmet)
rElec   .          Harm     .   (no cloak)
rCorr   .          Rampage  .   (no gloves)
Will    +....                   (no boots)
Stlth   ++........              (no amulet)
HPRegen 0.05/turn               e - ring of willpower
MPRegen 0.11/turn               c - ring of positive energy

@: no status effects
A: no striking features
a: no special abilities


You were on level 2 of the Dungeon.
You visited 1 branch of the dungeon, and saw 2 of its levels.

You collected 61 gold pieces.

Inventory:

Hand Weapons
 b - a +3 dagger (weapon)
Armour
 a - a +0 robe (worn)
Jewellery
 c - a ring of positive energy (right hand)
 e - a ring of willpower (left hand)
Potions
 d - a potion of degeneration {unknown}


   Skills:
 - Level 2.4 Dodging
 * Level 2.8 Stealth
 * Level 3.4 Spellcasting
 + Level 5.1 Conjurations


You had 4 spell levels left.
You knew the following spells:

 Your Spells              Type           Power      Damage    Failure   Level
a - Magic Dart            Conj           100%       1d8       1%          1
b - Searing Ray           Conj           52%        2d6       2%          2

Your spell library contained the following spells:

 Spells                   Type           Power      Damage    Failure   Level
 Dazzling Flash           Conj/Hex       30%        N/A       13%         3
 Fulminant Prism          Conj/Hex       7%         3d7       38%         4
 Iskenderun's Mystic Bla  Conj/Tloc      15%        2d5       38%         4


Dungeon Overview and Level Annotations

Branches:
Dungeon (2/15)

Altars:


Message History

Magic restored.
You see here a quokka corpse.
You now have 61 gold pieces (gained 8).
A kobold comes into view. It is wielding a +0 dagger.
The magic dart hits the kobold.
You kill the kobold!
Things that are here:
a +0 dagger; a kobold corpse A gnoll comes into view.
It is wielding a +0 spear.
Found a dagger.
Found a stone staircase leading down.
You can't see any susceptible monsters within range! (Use Z to cast anyway.)
A gnoll comes into view.
It is wielding a +0 spear. 2 gnolls come into view.
You see here 7 gold pieces.
The magic dart hits the gnoll.
The gnoll is moderately wounded.
The gnoll shouts! x3
The gnoll hits you from afar with a +0 spear.
Casting: Magic Dart (safe; 1% risk of failure)
Confirm with . or Enter, or press ? or * to list all spells.
Aiming: Searing Ray (safe; 2% risk of failure)
Press: ? - help, Shift-Dir - straight line, f/p - gnoll
Aim: a gnoll, wielding a +0 spear (moderately wounded, 82% to hit)
The searing ray hits the gnoll.
The gnoll is heavily wounded.
The searing ray hits the plant.
The plant begins to die.
The plant is lightly damaged. (Press . to maintain the ray.)
The gnoll hits you from afar with a +0 spear.
The searing ray misses the gnoll.
The searing ray hits the plant!
The plant is lightly damaged.
The gnoll hits you from afar with a +0 spear!
* * * LOW HITPOINT WARNING * * *
The searing ray hits the gnoll.
The gnoll is severely wounded.
The searing ray hits the plant!
The plant is lightly damaged.
The gnoll barely misses you.
The gnoll hits you from afar with a +0 spear.
You die...

..............#.#.#
######........#.#.# #
#........#.#.#
#######.#######.#.#
.................>#
........###.###.#.#
#..########.###.#.###
................$...####
##..#######.###.@.......
###.## #...gPP.P.
###..######


#)gPgg..PP ........... .....P...P ####.###### ...PP..P... # ... +....P.....P
#+## #........PPP #.....PPPP.. You could see 4 gnolls.

Vanquished Creatures
  6 ball pythons (D:1)
  3 endoplasms (D:1)
  2 goblins (D:1)
  3 hobgoblins (D:1)
  3 quokkas
  2 frilled lizards (D:1)
  3 kobolds
  3 rats (D:1)
25 creatures vanquished.

Vanquished Creatures (others)
  5 plants (D:2)
5 creatures vanquished.

Grand Total: 30 creatures vanquished

Notes
Turn   | Place    | Note
-------+----------+-------------------------------------------
     0 | D:1      | horus123 the Deep Elf Conjurer began the quest for the Orb.
     0 | D:1      | Reached XP level 1. HP: 10/10 MP: 6/6
   315 | D:1      | Reached XP level 2. HP: 15/15 MP: 6/8
   358 | D:1      | Learned a level 2 spell: Searing Ray
   655 | D:1      | Reached skill level 5 in Conjurations
  1374 | D:2      | Slain by a gnoll

Illustrated notes

Levels and vault maps discovered:
D:1:      saegor_arrival_miasma, layout_basic
D:2:      layout_basic, shapermc_ecumenical_altar_mp_urbaneastern,
          nicolae_grassy_gnolls

Skill      XL: |  1  2 |
---------------+-------+-----
Conjurations   | 5 |  5.1
Dodging        | |  2.4
Stealth        | |  2.8
Spellcasting   | |  3.4

Action                   || total
-------------------------++-------
Melee: Dagger            ||     2
 Cast: Magic Dart        ||    40
       Searing Ray       ||     1
Armor: Robe              ||     1
Dodge: Dodged            ||     7

Table legend: (Time is in decaauts)
 A = Elapsed time spent in this place.
 B = Non-inter-level travel time spent in this place.
 C = Inter-level travel time spent in this place.
 D = Time resting spent in this place.
 E = Time spent auto-exploring this place.
 F = Levels seen in this place.
 G = Mean time per level.
                   A        B        C        D        E       F      G
               +--------+--------+--------+--------+--------+-----+--------+
         Total |   1372 |   1363 |      9 |    207 |   1048 |   2 |  686.0 |
       Dungeon |   1372 |   1363 |      9 |    207 |   1048 |   2 |  686.0 |
               +--------+--------+--------+--------+--------+-----+--------+

Top non-repeatable levels by time:
     D:1: 1275 daAuts
     D:2: 96 daAuts
